 Dungeon Crawl Stone Soup version 0.17-a0-1515-gfae3d72 (webtiles) character file.

95 namelastname112 the Firebug (level 4, -4/33 HPs)
             Began as a Draconian Fire Elementalist on July 12, 2015.
             Slain by a gnoll
             ... wielding a +0 spear
              (9 damage)
             ... on level 2 of the Dungeon.
             The game lasted 00:03:58 (1936 turns).

namelastname112 the Firebug (DrFE)                  Turns: 1936, Time: 00:03:59

Health: -4/33      AC:  5    Str: 11    XL:     4   Next: 40%
Magic:  2/8        EV: 12    Int: 16    God:
Gold:   86         SH:  0    Dex: 11    Spells: 1 memorised, 8 levels left

rFire  . . .     SeeInvis .     r - +1 whip (freeze)
rCold  . . .     Clarity  .     (armour unavailable)
rNeg   . . .     SustAt   .     (no shield)
rPois  .         Gourm    .     (helmet restricted)
rElec  .         Spirit   .     (no cloak)
rCorr  .         Warding  .     (no gloves)
rMut   .         Stasis   .     (no boots)
MR     .....                    (no amulet)
Stlth  ++........               (no ring)
                                (no ring)

@: not resistant to hostile enchantments, unstealthy
A: unfitting armour, cold-blooded, AC +5
a: no special abilities


You were on level 2 of the Dungeon.
You were not hungry.

You visited 1 branch of the dungeon, and saw 2 of its levels.

You collected 86 gold pieces.

Inventory:

Hand weapons
 r - a +1 whip of freezing (weapon)
Missiles
 p - a throwing net (quivered)
Jewellery
 f - an uncursed ring of ice
Scrolls
 c - 3 scrolls of identify
 d - a scroll of teleportation
 g - a scroll of remove curse
 h - a scroll of enchant armour {unknown}
 i - a scroll of fog {unknown}
 j - a scroll of amnesia {unknown}
 k - a scroll of enchant weapon {unknown}
 m - a scroll of noise {unknown}
 n - a scroll of blinking {unknown}
Potions
 l - a potion of cure mutation
 o - 3 potions of curing
Books
 a - a book of Flames

   Spells                             Type                      Level
   a - Flame Tongue                   Conjuration/Fire             1
   b - Throw Flame                    Conjuration/Fire             2
   c - Conjure Flame                  Conjuration/Fire             3
   d - Inner Flame                    Hexes/Fire                   3
   e - Sticky Flame                   Conjuration/Fire             4
   f - Fireball                       Conjuration/Fire             5
Comestibles
 b - a bread ration
 q - 2 chunks of flesh


   Skills:
 - Level 1.7 Dodging
 - Level 1.7 Stealth
 + Level 3.0 Spellcasting
 + Level 2.6 Conjurations
 + Level 3.7 Fire Magic


You had 8 spell levels left.
You knew the following spells:

 Your Spells              Type           Power        Failure   Level  Hunger
z - Flame Tongue          Conj/Fire      ##...        8%          1    #......


Dungeon Overview and Level Annotations

Branches:
Dungeon (2/15)

Altars:


Innate Abilities, Weirdness & Mutations

Your plain brown scales are hard (AC +5).
Your body does not fit into most forms of armour.
You are cold-blooded and may be slowed by cold attacks.


Message History

Confirm with . or Enter, or press ? or * to list all spells.
Aiming: Flame Tongue
Press: ? - help, Shift-Dir - straight line, f/p - gnoll
Aim: a gnoll, wielding a spear (heavily wounded)
The flame tongue hits the gnoll.
The gnoll is almost dead.
The gnoll hits you with a spear!
* * * LOW HITPOINT WARNING * * *
Casting: Flame Tongue
Confirm with . or Enter, or press ? or * to list all spells.
Aiming: Flame Tongue
Press: ? - help, Shift-Dir - straight line, f/p - gnoll
Aim: a gnoll, wielding a spear (almost dead)
The flame tongue hits the gnoll.
The gnoll appears unharmed.
The gnoll is almost dead.
The gnoll closely misses you.
You closely miss the gnoll.
The gnoll is almost dead.
The gnoll hits you with a spear!
You die...

#..#.### #..#.#
#..#.# ####..####
#........#
#.######.# ####
#...##.#.# ...#
###.##.### ##.#
#.@.##. # #.#
##########g######.#
#.#
#........#..g.....#
#.#
#.###########..####
#.# #.# #.##..# #.#
#.# #.##..#
##.###.# #.##..#
.......# #.##..#
##.##### #.###.#


You could see a gnoll.

Vanquished Creatures
  2 adders (D:2)
  3 gnolls (D:2)
  An ooze (D:2)
  A worm (D:2)
  5 bats
  4 giant cockroaches
  5 hobgoblins
  2 jackals (D:1)
  A ball python (D:1)
  A giant gecko (D:2)
  3 giant newts
  4 goblins
  4 kobolds (D:1)
  8 rats
44 creatures vanquished.

Notes
Turn   | Place    | Note
--------------------------------------------------------------
     0 | D:1      | namelastname112 the Draconian Fire Elementalist began the quest for the Orb.
     0 | D:1      | Reached XP level 1. HP: 14/14 MP: 3/3
   172 | D:1      | Reached XP level 2. HP: 20/20 MP: 0/5
  1021 | D:2      | Reached XP level 3. HP: 24/26 MP: 0/7
  1829 | D:2      | Reached XP level 4. HP: 33/33 MP: 2/8
  1936 | D:2      | Slain by a gnoll

Vault maps used:
D:1:      saegor_arrival_simple_b, minmay_box_of_dots
D:2:      bh_walls_and_bars

Action                   |  1- 3 |  4- 6 || total
-------------------------+-------+-------++-------
Melee: Unarmed           |     2 |       ||     2
       Dagger            |    53 |       ||    53
       Whip              |       |     1 ||     1
 Cast: Flame Tongue      |    76 |    12 ||    88
  Use: Scroll            |     4 |       ||     4
  Eat: Chunk             |     3 |     1 ||     4
